Map: 2000 Atmospheres LE

Players

A.I. 1 (Very Easy) - Winner!

  • Race: Terran Terran

Kozlodoy

  • Race: Protoss Protoss
  • League: Diamond

VOD

Have the link to the VOD?

Description

Time

  • Played on: Jan. 3, 2022, 9:18 p.m.
  • Length: 4:05
Show
View Real Time Build Order
Export as new Build Order

A.I. 1 (Very Easy) Terran - Winner!

Build Orders:  

Get SALT Encoding   

  12  0:00  SCV  
  13  0:13  SCV  
  14  0:18  Supply Depot  
  14  0:37  Refinery  
  14  0:42  Barracks  
  14  1:03  Supply Depot  
  14  1:11  Refinery  
  14  1:30  Marine  
  14  1:32  Orbital Command  
  15  1:49  Barracks Tech Lab  
  15  1:58  SCV  
  16  2:10  SCV  
  16  2:12  Marine  
  18  2:22  SCV  
  19  2:34  SCV  
  20  2:46  SCV  
  21  2:55  Marauder  
  23  2:58  SCV  
  24  3:51  Supply Depot  
Show
View Real Time Build Order
Export as new Build Order

Kozlodoy Protoss 

Build Orders:  

Get SALT Encoding   

  12  0:00  Probe  
  13  0:12  Probe  
  14  0:18  Pylon  
  14  0:24  Probe (Chrono Boost)  
  15  0:29  Assimilator  
  15  0:37  Probe (Chrono Boost)  
  15  0:41  Gateway  
  16  0:47  Probe (Chrono Boost)  
  17  0:57  Probe  
  18  1:09  Probe  
  19  1:22  Probe  
  19  1:24  Assimilator  
  20  1:29  Cybernetics Core  
  20  1:34  Probe  
  20  1:37  Pylon  
  21  1:40  Zealot  
  23  1:47  Pylon  
  23  1:57  Probe  
  24  2:05  Robotics Facility  
  24  2:07  Robotics Facility  
  24  2:11  Adept  
  26  2:15  Probe  
  26  2:21  Warp Gate  
  27  2:41  Adept  
  29  2:55  Immortal (Chrono Boost)  
  33  3:02  Immortal (Chrono Boost)  
  37  3:27  Warp Prism (Chrono Boost)  
  37  3:28  Pylon  
  43  3:59  Pylon  
Tags
 
Add a new tag
Caveats
  • Supply blocks, unpowered buildings, or Contaminate may cause inaccurate times.
  • Supply counts are checked every 10 seconds.